Map: [ESL] Goldenaura

Players

Dark

  • Race: Zerg Zerg
  • Spawn Location: 12:00

Maru - Winner!

  • Race: Terran Terran
  • Spawn Location: 5:00

Event: ESL Spring 2024 Finals

VOD

Have the link to the VOD?

Description

Time

  • Played on: June 2, 2024, 12:31 p.m.
  • Length: 9:54

All games in this series

Show
View Real Time Build Order
Export as new Build Order

Dark Zerg 

Build Orders: Hatch First 

Get SALT Encoding   

  12  0:00  Drone  
  13  0:12  Overlord  
  13  0:17  Drone  
  14  0:31  Drone x2  
  16  0:47  Hatchery  
  15  0:51  Drone  
  15  0:55  Drone  
  17  0:59  Drone  
  18  1:09  Extractor  
  17  1:14  Spawning Pool  
  17  1:17  Drone  
  17  1:20  Drone  
  18  1:28  Drone  
  19  1:39  Drone  
  20  1:49  Drone  
  21  2:01  Queen x2  
  21  2:02  Zergling x4  
  27  2:09  Metabolic Boost  
  27  2:10  Overlord  
  27  2:12  Drone  
  28  2:23  Overlord  
  28  2:34  Hatchery  
  28  2:36  Drone  
  28  2:42  Drone x2  
  28  2:43  Drone  
  31  2:51  Queen  
  31  2:58  Drone, Overlord  
  34  3:00  Drone  
  34  3:04  Drone  
  36  3:10  Overlord  
  36  3:16  Drone x4  
  40  3:21  Overlord  
  40  3:22  Drone  
  41  3:31  Roach Warren  
  41  3:32  Queen  
  42  3:34  Drone  
  42  3:36  Drone  
  44  3:42  Drone  
  44  3:43  Drone x3  
  44  3:45  Extractor  
  44  3:46  Extractor  
  46  3:49  Drone x2  
  46  3:52  Zergling x4  
  50  3:57  Overlord  
  50  3:58  Drone  
  50  4:01  Drone  
  52  4:16  Roach x5  
  62  4:21  Roach  
  62  4:23  Roach  
  62  4:24  Overlord  
  66  4:27  Overlord  
  66  4:33  Overlord  
  66  4:34  Overlord  
  66  4:36  Overlord  
  65  4:50  Overlord  
  66  4:52  Zergling x2  
  66  4:53  Zergling x14  
  66  4:55  Ravager x3  
  74  5:00  Zergling x4  
  74  5:01  Zergling x2  
  76  5:07  Zergling x6  
  78  5:18  Ravager x2  
  78  5:19  Zergling x10  
  85  5:23  Zergling x2  
  85  5:26  Ravager  
  86  5:29  Zergling x4  
  88  5:37  Ravager  
  89  5:47  Drone  
  89  5:48  Drone x6  
  71  6:04  Drone  
  71  6:05  Drone  
  71  6:06  Drone x6  
  71  6:09  Drone x3  
  69  6:14  Drone x2  
  69  6:16  Lair  
  69  6:18  Drone x3  
  74  6:24  Extractor, Roach x3  
  79  6:25  Extractor  
  79  6:30  Roach  
  80  6:37  Drone x2  
  82  6:43  Roach  
  82  6:44  Roach x2  
  82  6:45  Roach  
  82  6:46  Roach  
  92  6:47  Hatchery  
  92  6:48  Drone x3  
  92  6:52  Drone x2, Extractor  
  92  6:53  Drone  
  96  6:58  Drone  
  96  6:59  Evolution Chamber  
  96  7:00  Ravager x2, Evolution Chamber  
  97  7:02  Drone x2  
  97  7:04  Drone  
  100  7:11  Roach x2  
  100  7:15  Overlord  
  104  7:22  Overlord  
  101  7:24  Queen x2  
  101  7:28  Overlord  
  101  7:29  Overlord  
  105  7:32  Zerg Melee Weapons Level 1, Zerg Ground Armor Level 1  
  105  7:39  Infestation Pit  
  105  7:40  Drone x3  
  105  7:41  Drone  
  105  7:42  Drone x5, Baneling Nest  
  112  7:49  Roach x4  
  112  7:50  Ravager  
  112  7:51  Ravager  
  117  8:04  Drone x5  
  117  8:05  Drone  
  123  8:06  Hatchery  
  123  8:10  Roach x3  
  128  8:17  Glial Reconstitution  
  128  8:20  Hive  
  128  8:25  Drone x2  
  128  8:27  Hatchery  
  129  8:28  Centrifugal Hooks, Zergling x2  
  129  8:29  Zergling x14  
  129  8:32  Ravager x3  
  140  8:34  Zergling x6  
  140  8:38  Overlord x2  
  140  8:51  Zergling x2  
  140  8:52  Zergling x6  
  140  8:53  Overlord  
  144  8:56  Overlord  
  144  8:59  Infestor x2  
  148  9:04  Roach x2  
  148  9:05  Zergling x12  
  148  9:06  Ravager  
  148  9:08  Baneling x10, Overlord  
  159  9:11  Overlord  
  159  9:13  Zergling x8  
  159  9:16  Zergling x10  
  168  9:22  Ravager x2  
  168  9:23  Ravager  
  168  9:24  Zergling x10  
  160  9:31  Zergling x6  
Show
View Real Time Build Order
Export as new Build Order

Maru Terran - Winner!

Build Orders: Liberator Opening 

Get SALT Encoding   

  12  0:00  SCV  
  13  0:12  SCV  
  14  0:17  Supply Depot  
  14  0:24  SCV  
  15  0:38  SCV  
  15  0:39  Barracks  
  16  0:50  SCV  
  16  0:52  Refinery  
  17  1:03  SCV  
  18  1:15  SCV  
  19  1:26  Marine  
  19  1:27  Orbital Command  
  20  1:38  Command Center  
  20  1:44  Marine  
  21  1:48  Supply Depot  
  21  1:52  SCV  
  22  2:04  SCV  
  22  2:06  Factory  
  23  2:16  SCV  
  23  2:17  Barracks Reactor  
  23  2:19  Refinery  
  24  2:29  SCV  
  25  2:41  SCV  
  26  2:51  Orbital Command  
  26  2:53  SCV  
  27  3:04  Starport  
  27  3:05  SCV  
  28  3:06  Hellion x2  
  28  3:07  Barracks Tech Lab  
  32  3:16  SCV  
  32  3:18  SCV  
  34  3:22  Supply Depot  
  34  3:27  Cyclone x2  
  34  3:28  SCV  
  34  3:30  SCV  
  40  3:34  Marine  
  40  3:40  Liberator  
  40  3:41  SCV  
  45  3:42  SCV  
  46  3:50  Supply Depot  
  46  3:52  Marine  
  46  3:53  SCV, Stimpack  
  48  3:59  Barracks  
  48  4:01  SCV  
  49  4:04  Hellion x2  
  49  4:05  SCV  
  54  4:11  Supply Depot  
  54  4:12  Supply Depot, Marine  
  54  4:14  SCV  
  56  4:17  SCV  
  57  4:26  SCV, Starport Reactor  
  57  4:29  SCV, Marine  
  61  4:38  SCV  
  61  4:43  SCV  
  61  4:45  Command Center  
  62  4:49  Marine  
  62  4:51  SCV, Factory Tech Lab  
  64  4:57  Bunker  
  64  5:01  Bunker  
  64  5:03  Medivac x2  
  64  5:04  Marine x2  
  70  5:07  Marine  
  70  5:09  SCV  
  70  5:10  Supply Depot  
  70  5:12  Siege Tank  
  75  5:15  Supply Depot  
  75  5:18  SCV  
  75  5:20  Supply Depot  
  76  5:21  SCV  
  76  5:22  Marine  
  76  5:27  Marine x2  
  77  5:30  Engineering Bay  
  77  5:31  Engineering Bay  
  77  5:39  Marine  
  77  5:40  SCV  
  77  5:42  Refinery  
  79  5:45  Marine  
  79  5:46  SCV, Marine  
  76  5:52  Medivac  
  76  5:55  SCV  
  68  5:59  SCV, Medivac  
  68  6:03  Marine  
  67  6:04  Marine  
  67  6:07  SCV  
  64  6:15  Orbital Command  
  64  6:20  SCV  
  64  6:21  Marine  
  64  6:23  Barracks Reactor  
  66  6:26  Terran Infantry Weapons Level 1  
  66  6:27  Barracks  
  66  6:30  Refinery  
  66  6:34  Terran Infantry Armor Level 1  
  66  6:35  Barracks  
  66  6:36  SCV x2  
  66  6:38  Marine  
  69  6:42  Barracks  
  69  6:47  SCV  
  69  6:48  SCV x2  
  69  6:50  Siege Tank  
  75  6:55  Supply Depot  
  75  6:56  Orbital Command, Marine  
  75  7:00  SCV x2  
  78  7:06  Medivac  
  78  7:07  Marine x2  
  82  7:09  Barracks x2  
  82  7:11  Barracks  
  82  7:13  SCV  
  82  7:14  Marine  
  84  7:15  Supply Depot  
  84  7:20  Barracks Reactor  
  82  7:22  Barracks Reactor  
  82  7:24  SCV x2  
  82  7:25  SCV, Marine x2  
  88  7:30  Barracks Tech Lab, Armory  
  88  7:32  Marine  
  88  7:36  SCV x2  
  89  7:37  SCV  
  89  7:41  Siege Tank  
  89  7:43  Marine x2  
  95  7:45  Supply Depot  
  95  7:48  SCV, Medivac x2  
  95  7:49  SCV  
  95  7:50  Marine  
  98  7:58  Barracks Tech Lab x2  
  98  7:59  Barracks Tech Lab, Marine x4  
  98  8:00  Supply Depot, Marine, Marauder  
  98  8:01  Barracks Reactor  
  105  8:06  Refinery  
  105  8:07  Marine x2  
  105  8:10  SCV x2  
  109  8:17  Concussive Shells, Marine x2, Marauder x2  
  109  8:18  Combat Shield  
  109  8:19  Marine x3  
  117  8:21  Marauder  
  117  8:24  Supply Depot  
  117  8:25  Marine x2  
  117  8:26  Supply Depot  
  121  8:35  Marine x2  
  121  8:37  Marine x3  
  121  8:38  Marine x4  
  130  8:42  Marine x2  
  130  8:43  Marine  
  131  8:53  Marine x2  
  131  8:55  Marine x2  
  134  8:56  Marauder x2  
  134  9:00  Marauder  
  134  9:02  Siege Tank  
  143  9:03  Marine x3, Marauder  
  143  9:04  Marine  
  143  9:08  Supply Depot x2  
  149  9:10  Marine  
  149  9:11  Marine  
  149  9:13  Marine x2  
  153  9:17  Marauder  
  153  9:18  Marauder  
  153  9:21  Marine x3  
  153  9:22  Marauder  
  162  9:24  Marauder  
  162  9:30  Marine x2  
  161  9:34  Marine x2  
Tags
 
Add a new tag
Caveats
  • Supply blocks, unpowered buildings, or Contaminate may cause inaccurate times.
  • Supply counts are checked every 10 seconds.